Map: Orbital Shipyard

Players

eSparrow

  • Race: Protoss Protoss
  • League: Silver

aLpAcHiNoiS - Winner!

  • Race: Protoss Protoss
  • League: Diamond

VOD

Have the link to the VOD?

Description

Time

  • Played on: Dec. 9, 2015, 7:31 p.m.
  • Length: 10:24
Show
View Real Time Build Order
Export as new Build Order

eSparrow Protoss 

Build Orders:  

Get SALT Encoding   

  12  0:01  Probe (Chrono Boost)  
  13  0:11  Probe (Chrono Boost)  
  14  0:17  Pylon  
  14  0:24  Probe (Chrono Boost)  
  16  0:35  Probe (Chrono Boost)  
  16  0:38  Gateway  
  16  0:46  Probe (Chrono Boost)  
  16  0:49  Assimilator  
  17  0:57  Probe (Chrono Boost)  
  18  1:07  Probe (Chrono Boost)  
  19  1:11  Gateway  
  19  1:18  Probe (Chrono Boost)  
  20  1:25  Cybernetics Core  
  20  1:28  Probe (Chrono Boost)  
  21  1:39  Probe (Chrono Boost)  
  22  1:42  Pylon  
  22  1:45  Assimilator  
  22  1:49  Probe (Chrono Boost)  
  23  2:04  Mothership Core (Chrono Boost)  
  25  2:21  Nexus  
  26  2:22  Stalker  
  26  2:23  Probe (Chrono Boost)  
  28  2:31  Pylon  
  28  2:35  Probe (Chrono Boost)  
  29  2:45  Probe (Chrono Boost)  
  29  2:49  Stalker  
  32  2:56  Probe (Chrono Boost)  
  33  3:07  Probe (Chrono Boost)  
  34  3:13  Gateway  
  34  3:15  Pylon  
  34  3:17  Probe (Chrono Boost)  
  34  3:28  Stalker, Probe (Chrono Boost)  
  34  3:34  Warp Gate  
  37  3:35  Probe (Chrono Boost)  
  37  3:38  Probe (Chrono Boost)  
  39  3:45  Probe (Chrono Boost)  
  40  3:49  Probe (Chrono Boost)  
  41  3:56  Probe (Chrono Boost)  
  41  3:58  Robotics Facility  
  41  3:59  Probe (Chrono Boost)  
  41  4:02  Stalker  
  45  4:06  Probe (Chrono Boost)  
  47  4:10  Probe (Chrono Boost)  
  47  4:13  Stalker  
  50  4:17  Probe (Chrono Boost)  
  50  4:20  Probe (Chrono Boost)  
  50  4:23  Pylon  
  51  4:27  Probe (Chrono Boost)  
  51  4:28  Stalker  
  51  4:31  Probe (Chrono Boost)  
  55  4:38  Probe (Chrono Boost)  
  58  4:40  Stalker  
  58  4:42  Probe (Chrono Boost)  
  58  4:43  Stalker  
  61  4:47  Immortal  
  61  4:48  Probe (Chrono Boost)  
  67  4:52  Probe (Chrono Boost)  
  67  4:56  Assimilator  
  67  4:59  Probe (Chrono Boost)  
  68  5:01  Stalker, Assimilator  
  70  5:13  Pylon  
  70  5:29  Pylon  
  70  5:32  Immortal, Pylon, Probe x2 (Chrono Boost)  
  71  6:01  Stalker x3  
  77  6:17  Probe x2 (Chrono Boost)  
  79  6:19  Forge  
  79  6:20  Immortal, Forge  
  83  6:28  Probe x2 (Chrono Boost)  
  83  6:29  Stalker x3  
  86  6:50  Gateway  
  86  6:52  Stalker x3, Gateway  
  86  6:53  Gateway  
  92  6:58  Protoss Ground Weapons Level 1, Protoss Ground Armor Level 1  
  92  7:04  Photon Cannon  
  92  7:09  Photon Cannon  
  92  7:11  Photon Cannon  
  92  7:13  Probe x2 (Chrono Boost)  
  94  7:24  Pylon  
  94  7:25  Pylon  
  94  7:32  Pylon  
  94  7:33  Probe x2 (Chrono Boost)  
  94  7:47  Stalker x3  
  94  7:50  Immortal  
  102  7:52  Probe x2 (Chrono Boost)  
  104  8:09  Nexus  
  104  8:14  Probe x2 (Chrono Boost), Pylon  
  106  8:21  Stalker  
  106  8:26  Stalker  
  106  8:27  Stalker  
  112  8:58  Stalker x3  
  112  9:01  Pylon  
  118  9:04  Immortal, Pylon  
  118  9:21  Photon Cannon  
  118  9:23  Photon Cannon  
  118  9:33  Photon Cannon  
  118  9:35  Photon Cannon  
  118  9:39  Stalker  
  118  9:40  Pylon  
  118  9:43  Pylon  
  120  9:52  Stalker x2  
  128  10:02  Probe x2 (Chrono Boost)  
  130  10:17  Stalker x2  
  130  10:18  Stalker  
Show
View Real Time Build Order
Export as new Build Order

aLpAcHiNoiS Protoss - Winner!

Build Orders: Nexus First 

Get SALT Encoding   

  12  0:01  Probe (Chrono Boost)  
  13  0:11  Probe (Chrono Boost)  
  14  0:22  Probe (Chrono Boost), Pylon  
  15  0:40  Probe (Chrono Boost)  
  16  0:51  Probe (Chrono Boost)  
  17  1:02  Probe (Chrono Boost), Nexus  
  18  1:12  Gateway  
  18  1:16  Probe (Chrono Boost)  
  19  1:22  Assimilator  
  19  1:26  Assimilator  
  19  1:29  Probe (Chrono Boost)  
  20  1:36  Pylon  
  21  1:40  Probe (Chrono Boost)  
  21  1:50  Probe (Chrono Boost)  
  22  2:02  Cybernetics Core  
  22  2:04  Probe (Chrono Boost)  
  23  2:14  Probe (Chrono Boost)  
  23  2:15  Probe (Chrono Boost)  
  25  2:27  Probe (Chrono Boost)  
  25  2:29  Pylon  
  26  2:35  Probe (Chrono Boost)  
  27  2:38  Probe (Chrono Boost)  
  27  2:41  Warp Gate  
  27  2:43  Adept (Chrono Boost)  
  30  2:50  Mothership Core (Chrono Boost)  
  32  2:55  Probe (Chrono Boost)  
  32  2:58  Assimilator  
  33  3:02  Assimilator  
  33  3:06  Probe (Chrono Boost)  
  33  3:09  Stalker (Chrono Boost)  
  33  3:12  Probe (Chrono Boost)  
  37  3:17  Probe (Chrono Boost)  
  38  3:23  Probe (Chrono Boost)  
  38  3:25  Stargate  
  39  3:30  Stargate  
  39  3:31  Probe (Chrono Boost)  
  39  3:33  Probe (Chrono Boost)  
  41  3:42  Probe (Chrono Boost)  
  41  3:44  Pylon  
  41  3:45  Forge  
  42  3:49  Probe (Chrono Boost)  
  42  3:52  Probe (Chrono Boost)  
  42  3:55  Pylon  
  44  4:02  Probe x2 (Chrono Boost)  
  48  4:10  Phoenix (Chrono Boost)  
  48  4:13  Phoenix (Chrono Boost)  
  48  4:16  Probe  
  50  4:20  Probe  
  52  4:31  Probe  
  52  4:32  Phoenix (Chrono Boost)  
  52  4:33  Probe  
  52  4:35  Phoenix (Chrono Boost)  
  58  4:44  Photon Cannon  
  58  4:53  Probe  
  58  4:54  Phoenix (Chrono Boost)  
  58  4:57  Phoenix (Chrono Boost)  
  58  4:58  Photon Cannon  
  62  5:21  Void Ray (Chrono Boost)  
  66  5:23  Void Ray (Chrono Boost), Photon Cannon  
  70  5:29  Pylon  
  70  5:38  Pylon  
  70  5:48  Protoss Air Weapons Level 1 (Chrono Boost)  
  70  5:58  Void Ray (Chrono Boost)  
  70  6:02  Void Ray (Chrono Boost)  
  78  6:18  Stargate  
  78  6:20  Pylon  
  82  6:42  Void Ray (Chrono Boost)  
  82  6:46  Void Ray (Chrono Boost)  
  86  6:51  Pylon  
  86  6:53  Pylon  
  86  7:06  Void Ray (Chrono Boost)  
  94  7:23  Void Ray (Chrono Boost)  
  94  7:24  Nexus  
  94  7:25  Void Ray (Chrono Boost)  
  94  7:26  Pylon  
  94  7:27  Pylon  
  98  7:30  Fleet Beacon  
  98  7:39  Probe  
  98  7:43  Pylon  
  99  7:56  Void Ray (Chrono Boost)  
  99  7:57  Assimilator  
  103  8:02  Assimilator  
  103  8:04  Photon Cannon  
  103  8:05  Protoss Air Armor Level 1 (Chrono Boost)  
  103  8:14  Probe x2  
  103  8:15  Pylon  
  105  8:24  Void Ray  
  105  8:26  Probe x2  
  107  8:29  Void Ray  
  115  8:35  Probe  
  115  8:38  Probe x2  
  115  8:40  Void Ray  
  122  8:46  Probe  
  122  8:47  Robotics Facility  
  123  8:50  Probe  
  123  8:52  Graviton Catapult (Chrono Boost)  
  124  8:57  Probe  
  125  9:17  Probe  
  125  9:19  Probe x2  
  128  9:27  Probe  
  128  9:30  Tempest (Chrono Boost)  
  133  9:31  Probe, Tempest (Chrono Boost)  
  138  9:39  Observer  
  138  9:40  Probe  
  140  9:52  Probe  
  141  9:53  Nexus  
  141  9:54  Cybernetics Core  
  141  9:57  Pylon  
  141  10:00  Observer  
  141  10:03  Pylon  
Tags
 
Add a new tag
Caveats
  • Supply blocks, unpowered buildings, or Contaminate may cause inaccurate times.
  • Supply counts are checked every 10 seconds.